 Dungeon Crawl Stone Soup version 0.31-a0-851-g7ff8af7976 (webtiles) character file.

Game seed: 6983851663911883021

14696 porpoise the Slicer (level 11, -1/79 HPs)
             Began as a Demonspawn Enchanter on Oct 7, 2023.
             Was a Follower of Uskayaw.
             Slain by a death yak (24 damage)
             ... on level 2 of the Lair of Beasts.
             The game lasted 00:54:37 (12777 turns).

porpoise the Slicer (Demonspawn Enchanter)         Turns: 12777, Time: 00:54:37

Health: -1/79      AC: 10    Str:  9    XL:     11   Next: 92%
Magic:  17/18      EV: 16    Int: 18    God:    Uskayaw [*.....]
Gold:   505        SH:  9    Dex: 16    Spells: 3/20 levels left

rFire   . . .        a - +1 dagger (drain)
rCold   . . .        z - +0 buckler
rNeg    . . .        H - +0 steam dragon scales
rPois   +            (no helmet)
rElec   .            Z - +1 cloak
rCorr   .            (no gloves)
SInv    .            r - +0 pair of boots
Will    .....        j - amulet of magic regeneration
Stlth   +++          o - ring of poison resistance
HPRegen 0.33/turn    N - +5 ring of evasion
MPRegen 0.56/turn

%: no passive effects
@: confusing by touch, studying Maces & Flails
A: claws 2, yellow scales 1, condensation shield, demonic magic 1
a: Renounce Religion, Stomp


You were on level 2 of the Lair of Beasts.
You worshipped Uskayaw.
Uskayaw was noncommittal.
You visited 3 branches of the dungeon, and saw 13 of its levels.
You also visited: Ossuary.

You collected 724 gold pieces.
You spent 219 gold pieces at shops.

Inventory:

Hand Weapons
 a - a +1 dagger of draining (weapon)
 b - the +6 great mace "Cyeheani" {heavy, Fragile rElec Int+9 Dex+3}
   (You found it on level 1 of the Lair of Beasts)

   Int+9:     It affects your intelligence (+9).
   Dex+3:     It affects your dexterity (+3).
   rElec:     It insulates you from electricity.
   Fragile:   It will be destroyed if unequipped.
 s - the +10 orcbow of Jafea {heavy, +Blink}
   (You found it on level 2 of the Lair of Beasts)

   +Blink:    It lets you blink.
Missiles
 k - a boomerang
 L - a curare-tipped dart
 V - 3 javelins
Armour
 c - an orb of energy
 q - an orb of mayhem
 r - a +0 pair of boots (worn)
 z - a +0 buckler (worn)
 D - a +2 robe
 H - +0 steam dragon scales (worn)
 P - the +4 ring mail "Vaxoguni" {Dex+4}
   (You found it on level 9 of the Dungeon)

   Dex+4:     It affects your dexterity (+4).
 Z - a +1 cloak (worn)
Jewellery
 j - an amulet of magic regeneration (around neck)
 o - a ring of poison resistance (left claw)
 E - a ring of fire
 N - a +5 ring of evasion (right claw)
 O - a ring of flight
 S - a ring of protection from fire
 X - a ring of positive energy
Wands
 f - a wand of polymorph (8)
 A - a wand of charming (3)
 J - a wand of mindburst (11)
 Q - a wand of iceblast (18)
Scrolls
 h - a scroll of fear
 p - 2 scrolls of fog
 t - a scroll of blinking
 y - a scroll of vulnerability
 B - 2 scrolls of teleportation
 C - a scroll of enchant armour
 F - 4 scrolls of poison
 G - 2 scrolls of amnesia
 I - a scroll of immolation
 K - 3 scrolls of identify
 T - a scroll of revelation
 U - a scroll of brand weapon
Potions
 d - 3 potions of mutation
 e - 2 potions of ambrosia
 g - 12 potions of curing
 i - 4 potions of brilliance
 l - 6 potions of magic
 m - a potion of attraction
 n - 2 potions of heal wounds
 u - a potion of lignification
 v - a potion of berserk rage
 w - 3 potions of enlightenment
 x - a potion of cancellation
 R - a potion of invisibility
 Y - a potion of haste {unknown}


   Skills:
 - Level 5.0 Fighting
 + Level 9.2 Short Blades
 - Level 1.7 Dodging
 + Level 5.6 Stealth
 - Level 5.0 Shields
 - Level 5.0 Spellcasting
 - Level 7.0 Hexes
 - Level 5.0 Translocations
 + Level 1.4 Fire Magic
 - Level 3.0 Ice Magic
 + Level 5.4 Poison Magic
 - Level 7.0 Invocations
 - Level 5.0 Evocations


You had 3 spell levels left.
You knew the following spells:

 Your Spells              Type           Power      Damage    Failure   Level
a - Confusing Touch       Hex            29%        N/A       3%          3
e - Ensorcelled Hibernat  Hex/Ice        44%        N/A       3%          2
i - Ignite Poison         Fire/Tmut/Pois 12%        N/A       22%         3
k - Blink                 Tloc           44%        N/A       3%          2
o - Olgreb's Toxic Radia  Pois           24%        N/A       21%         4
t - Tukima's Dance        Hex            29%        N/A       3%          3

Your spell library contained the following spells:

 Spells                   Type           Power      Damage    Failure   Level
 Slow                     Hex            100%       N/A       1%          1
 Sigil of Binding         Hex            29%        N/A       3%          3
 Poisonous Vapours        Pois/Air       28%        N/A       10%         2
 Cigotuvi's Dreadful Rot  Necr/Pois/Air  22%        N/A       14%         2
 Dazzling Flash           Conj/Hex       34%        N/A       14%         3
 Volatile Blastmotes      Fire/Tloc      32%        2d12      16%         3
 Magic Dart               Conj           16%        1d3       19%         1
 Call Imp                 Summ           8%         N/A       28%         2
 Sublimation of Blood     Necr           4%         N/A       28%         2
 Mephitic Cloud           Conj/Pois/Air  11%        N/A       28%         3
 Vampiric Draining        Necr           4%         2d6       50%         3
 Manifold Assault         Tloc           22%        N/A       24%         4
 Anguish                  Hex/Necr       8%         N/A       41%         4
 Petrify                  Tmut/Erth      4%         N/A       88%         4
 Freezing Cloud           Conj/Ice/Air   4%         6-21      98%         5
 Irradiate                Conj/Tmut      2%         3d12      99%         5
 Starburst                Conj/Fire      3%         6d3       100%        6
 Discord                  Hex            14%        N/A       100%        8
 Ignition                 Fire           4%         3d4       100%        8
 Maxwell's Capacitive Co  Air            2%         ∞         100%        8


Dungeon Overview and Level Annotations

Branches:
Dungeon (10/15)            Temple (1/1) D:7            Lair (2/5) D:10
Ossuary (visited)
  Swamp: Lair:2-3    Shoals: Lair:2-3     Snake: Lair:2-3    Spider: Lair:2-3
    Orc: D:9-12

Altars:
Ashenzari
Cheibriados
Dithmenos
Fedhas
Gozag
Hepliaklqana
Kikubaaqudgha
Makhleb
Nemelex Xobeh
Okawaru
Qazlal
Ru
Sif Muna
Trog
Uskayaw
Vehumet
Wu Jian
Xom
Yredelemnul

Shops:
D:4 !   D:9 :

Annotations:
D:8 2 transporters, LeprechaunX's ghost, novice OpSh
D:9 1 runed translucent door, lessens's ghost, journeyman DsFi
D:10 3 runed translucent doors, baller8008's ghost, journeyman MiFi


Innate Abilities, Weirdness & Mutations

You have very sharp fingernails.
You are partially covered in yellow scales. (AC +2)
A meltable shield of frost defends you. (SH +4)
Spells you cast may paralyse adjacent enemies.


Message History

Casting: Confusing Touch (dangerous; 3% risk of failure)
Confirm with . or Enter, or press ? or * to list all spells.
Aiming: Ensorcelled Hibernation (safe; 3% risk of failure)
Press: ? - help, Shift-Dir - straight line, f - death yak
Aim: a death yak (chance to affect: 3%)
Okay, then.
Unknown command.
Casting: Ensorcelled Hibernation (safe; 3% risk of failure)
Confirm with . or Enter, or press ? or * to list all spells.
Your claws begin to glow red.
Malevolent energies surge around you.
You hit the death yak but do no damage. You hit the death yak but do no damage.
The death yak completely misses you.
You hit the death yak but do no damage. You hit the death yak but do no damage.
The death yak barely misses you.
You hit the death yak but do no damage. The death yak barely misses you.
You completely miss the death yak.
The water moccasin bites the plant.
The plant begins to die.
You hit the death yak but do no damage. You block the death yak's attack.
The water moccasin bites the bush but does no damage.
You hit the death yak but do no damage.
The water moccasin bites the plant!
The death yak gores you!!
You hit the death yak but do no damage. You barely miss the death yak.
The death yak gores you!
You hit the death yak but do no damage. The death yak gores you!
You hit the death yak but do no damage.
A nearby plant withers and dies.
You hit the death yak but do no damage. You block the water moccasin's attack.
The death yak closely misses you.
You hit the water moccasin but do no damage.
The water moccasin appears confused.
Casting: Confusing Touch (dangerous; 3% risk of failure)
Confirm with . or Enter, or press ? or * to list all spells.
Your claws begin to glow red.
Malevolent energies surge around you. The death yak completely misses you.
You hit the death yak but do no damage. The death yak completely misses you.
You hit the death yak but do no damage. You hit the death yak but do no damage.
The death yak gores you!
* * * LOW HITPOINT WARNING * * *
You hit the death yak but do no damage. You hit the death yak but do no damage.
The death yak gores you!!
You die...

#..............
#########..............
#~~~~~~.##..........#..
###..P........÷.#..
#####...............#..
.....#♣♣....[.÷.....#÷..
......♣.....PP.♣♣P+###..
?+#..♣.P......P♣...# #..
#..P...@S......≈≈.## #..
#......YPP....≈~~.♣ #.##
..♣..........~≈≈.....#
♣...P......≈≈~.P...#
♣......$...≈≈.. ..P
..........~..P.. ..
...PP....~$~P...
..........~....


You could see a death yak and a water moccasin (confused).

Vanquished Creatures
  A boulder beetle (Lair:2)
  2 two-headed ogres (D:10)
  4 elephants (Lair:2)
  2 black mambas
  A rime drake (Lair:1)
  4 cane toads (Lair:1)
  Jeremiah (D:6)
  2 komodo dragons (Lair:1)
  A troll (D:10)
  Prince Ribbit (D:6)
  A shadow (D:6)
  2 wyverns
  14 yaks
  A basilisk (Lair:1)
  2 steam dragons
  Menkaure (D:7)
  5 water moccasins
  A sky beast (D:7)
  6 orc warriors
  4 black bears
  3 ice beasts
  3 ogres
  5 centaurs
  A phantom (D:6)
  2 kobold brigands
  Blork the orc (D:6)
  10 bullfrogs
  3 scorpions
  A gnoll sergeant (D:10)
  3 wights (D:8)
  11 killer bees
  2 howler monkeys
  3 quasits (D:8)
  2 jellies
  5 lava snakes (D:9)
  2 hounds
  4 orc priests
  2 iguanas
  4 hell rats (Lair:2)
  7 orc wizards
  8 mummies (Ossuary)
  4 gnolls (D:10)
  2 adders
  2 white imps
  2 ufetubi
  3 worms
  5 dart slugs
  32 orcs
  10 endoplasms
  2 gnoll zombies (Ossuary)
  6 goblins
  4 hobgoblins
  15 kobolds
  4 quokkas
  8 ball pythons
  3 bats
  6 frilled lizards
  4 hobgoblin zombies (Ossuary)
  2 orc zombies (Ossuary)
  6 rats
258 creatures vanquished.

Notes
Turn   | Place    | Note
-------+----------+-------------------------------------------
     0 | D:1      | porpoise the Demonspawn Enchanter began the quest for the
                  | Orb.
     0 | D:1      | Reached XP level 1. HP: 13/13 MP: 3/3
   118 | D:1      | Reached skill level 1 in Short Blades
   284 | D:1      | Gained mutation: Spells you cast may paralyse adjacent
                  | enemies. [demonic ancestry]
   284 | D:1      | Reached XP level 2. HP: 16/19 MP: 5/5
   631 | D:1      | Found a faded altar of an unknown god.
   701 | D:1      | Learned a level 2 spell: Ensorcelled Hibernation
   992 | D:2      | Reached XP level 3. HP: 23/24 MP: 6/6
  1181 | D:2      | Reached skill level 2 in Short Blades
  1481 | D:2      | Learned a level 3 spell: Confusing Touch
  1929 | D:3      | Gained mutation: You have sharp fingernails. [demonic
                  | ancestry]
  1929 | D:3      | Reached XP level 4. HP: 29/30 MP: 8/8
  2607 | D:4      | Found Hoqout's Distillery.
  2613 | D:4      | Bought a potion of curing for 33 gold pieces
  2613 | D:4      | Bought a potion of curing for 33 gold pieces
  2613 | D:4      | Bought a potion of curing for 33 gold pieces
  2641 | D:4      | Noticed a scorpion
  2642 | D:4      | Reached XP level 5. HP: 25/35 MP: 9/9
  2661 | D:4      | Found a sand-covered staircase.
  2666 | Ossuary  | Entered an ossuary
  2727 | Ossuary  | Reached skill level 3 in Short Blades
  3092 | Ossuary  | Reached skill level 1 in Ice Magic
  3092 | Ossuary  | Gained mutation: A meltable shield of frost defends you.
                  | (SH +4) [demonic ancestry]
  3092 | Ossuary  | Reached XP level 6. HP: 41/41 MP: 11/11
  3665 | D:4      | Reached skill level 5 in Hexes
  4069 | D:5      | Entered Level 5 of the Dungeon
  4074 | D:4      | Gained mutation: You are partially covered in yellow
                  | scales. (AC +2) [demonic ancestry]
  4074 | D:4      | Reached XP level 7. HP: 46/46 MP: 10/12
  4843 | D:6      | Learned a level 3 spell: Tukima's Dance
  4846 | D:6      | Learned a level 2 spell: Blink
  4858 | D:6      | Reached skill level 1 in Fighting
  4858 | D:6      | Reached skill level 4 in Short Blades
  4940 | D:6      | Noticed Jeremiah
  4969 | D:6      | Killed Jeremiah
  4970 | D:6      | Gained mutation: You have very sharp fingernails. [demonic
                  | ancestry]
  4970 | D:6      | Reached XP level 8. HP: 31/56 MP: 12/14
  5424 | D:6      | Reached skill level 5 in Short Blades
  5788 | D:6      | Reached skill level 5 in Spellcasting
  6094 | D:6      | Noticed Blork the orc
  6100 | D:6      | Killed Blork the orc
  6201 | D:6      | Reached skill level 1 in Translocations
  6279 | D:7      | Reached XP level 9. HP: 65/65 MP: 12/16
  6305 | D:7      | Found a staircase to the Ecumenical Temple.
  6311 | Temple   | Entered the Ecumenical Temple
  6325 | Temple   | Became a worshipper of Uskayaw the Reveller
  6347 | D:7      | Reached * piety under Uskayaw
  6424 | D:7      | Reached skill level 1 in Invocations
  6465 | D:7      | Noticed Menkaure
  6473 | D:7      | Killed Menkaure
  6473 | D:7      | Reached ** piety under Uskayaw
  6581 | D:7      | Noticed Prince Ribbit
  6598 | D:6      | Killed Prince Ribbit
  6781 | D:7      | Reached *** piety under Uskayaw
  6784 | D:7      | Reached **** piety under Uskayaw
  6799 | D:7      | Reached ***** piety under Uskayaw
  6811 | D:7      | Reached ****** piety under Uskayaw
  6819 | D:7      | Reached skill level 6 in Short Blades
  6956 | D:7      | Reached skill level 5 in Fighting
  7090 | D:7      | Reached skill level 1 in Shields
  7433 | D:8      | Reached skill level 5 in Invocations
  7441 | D:8      | Reached XP level 10. HP: 57/74 MP: 17/17
  7757 | D:8      | HP: 3/74 [orc warrior/+0 halberd (11)]
  7773 | D:8      | Reached skill level 7 in Short Blades
  8399 | D:8      | Learned a level 4 spell: Olgreb's Toxic Radiance
  8403 | D:8      | Learned a level 3 spell: Ignite Poison
  8522 | D:8      | Found a transporter.
  8523 | D:8      | Noticed LeprechaunX's ghost (novice OpSh)
  8524 | D:8      | Identified the +1 great mace of the Egg {drain, Drain Fly
                  | rElec rPois}
  8524 | D:8      | Noticed a two-headed ogre
  8539 | D:8      | Found a transporter.
  8877 | D:9      | Identified the +4 ring mail "Vaxoguni" {Dex+4}
  9125 | D:9      | Found a runed translucent door.
  9130 | D:9      | Identified the +9 trident of the Thing {heavy, rN+ Int+3}
  9133 | D:9      | Noticed lessens's ghost (journeyman DsFi)
  9261 | D:9      | Found Zuperim's Tiny Tomes.
  9266 | D:9      | Bought the Quarto of the Curse for 120 gold pieces
 10028 | D:10     | Entered Level 10 of the Dungeon
 10028 | D:10     | Noticed a two-headed ogre
 10033 | D:10     | Killed a two-headed ogre
 10034 | D:10     | Reached skill level 5 in Translocations
 10245 | D:10     | Reached skill level 1 in Poison Magic
 10245 | D:10     | Reached skill level 1 in Evocations
 10255 | D:10     | Noticed a two-headed ogre
 10271 | D:10     | Killed a two-headed ogre
 10272 | D:10     | Reached skill level 5 in Shields
 10295 | D:10     | Reached XP level 11. HP: 74/79 MP: 18/18
 10299 | D:10     | Reached skill level 8 in Short Blades
 10342 | D:10     | Found a staircase to the Lair.
 10641 | D:10     | Noticed a two-headed ogre
 10641 | D:10     | Noticed baller8008's ghost (journeyman MiFi)
 10644 | D:10     | Noticed a centaur warrior
 10767 | D:10     | Found a runed translucent gate.
 10767 | D:10     | Found a runed translucent gate.
 10767 | D:10     | Found a runed translucent gate.
 10799 | D:10     | Found a burning altar of Makhleb.
 11019 | D:10     | Found a blossoming altar of Fedhas.
 11214 | Lair:1   | Entered Level 1 of the Lair of Beasts
 12076 | Lair:1   | Identified the +6 great mace "Cyeheani" {heavy, Fragile
                  | rElec Int+9 Dex+3}
 12257 | Lair:2   | Noticed a boulder beetle
 12271 | Lair:2   | Killed a boulder beetle
 12272 | Lair:2   | Reached skill level 5 in Stealth
 12313 | Lair:2   | Reached skill level 9 in Short Blades
 12313 | Lair:2   | Reached skill level 5 in Poison Magic
 12313 | Lair:2   | Reached skill level 5 in Evocations
 12463 | Lair:2   | Reached skill level 1 in Fire Magic
 12749 | Lair:2   | Noticed a death yak
 12750 | Lair:2   | Identified the +10 orcbow of Jafea {heavy, +Blink}
 12777 | Lair:2   | Slain by a death yak

Illustrated notes

Levels and vault maps discovered:
D:1:      eino_arrival_cavern_a, layout_loops_ring,
          shapermc_ecumenical_altar_petra
D:2:      layout_loops_ring
D:3:      layout_loops_ring
D:4:      layout_gridville, serial_forest, infiniplex_forest_clump_medium,
          infiniplex_forest_lined_3, infiniplex_forest_clump_C,
          infiniplex_forest_straight_2, infiniplex_forest_end_3,
          infiniplex_forest_lined_room_3, enter_ossuary_2, serial_shops, shop
D:5:      layout_basic, grunt_decor_resistance, minmay_manual_mares
D:6:      layout_loops_ring, kennysheep_generic_room_9, uniq_jeremiah,
          uniq_blork_the_orc
D:7:      layout_basic, minmay_temple_entry_crystal_x, roderic_serpentine_path,
          uniq_menkaure, uniq_prince_ribbit1
D:8:      cheibrodos_quashed, layout_rooms, gammafunk_ghost_smash
D:9:      layout_long_grid, ebering_ghost_funeral_grove,
          nicolae_shop_i_like_small_books_too, kennysheep_boxes
D:10:     layout_basic, mainiacjoe_overflow_paths,
          nicolae_overflow_hidden_temple, due_lair_maze_entry_diamond,
          gammafunk_ghost_split
Temple:   nicolae_temple_slightly_damp_pantheon
Lair:1:   layout_concentric_octagons
Lair:2:   layout_roguey, serial_rivers, chequers_serial_rivers_large_b,
          chequers_serial_rivers_room_a, chequers_serial_rivers_micro_a,
          chequers_serial_rivers_room_b, grunt_forest_large_clearings,
          uniq_fannar

Skill      XL: |  1  2  3  4  5  6  7  8  9 10 11 |
---------------+----------------------------------+-----
Short Blades   | 1 2 3 4 5 6 7 9 |  9.2
Spellcasting   | 3 4 5 |  5.0
Hexes          | 4 5 6 7 |  7.0
Ice Magic      | 1 2 3 |  3.0
Fighting       | 2 4 5 |  5.0
Translocations | 1 4 5 |  5.0
Stealth        | 3 5 |  5.6
Invocations    | 5 7 |  7.0
Shields        | 2 5 |  5.0
Poison Magic   | 2 5 |  5.4
Evocations     | 2 5 |  5.0
Fire Magic     | 1 |  1.4
Dodging        | |  1.7

Action                     |  1- 3 |  4- 6 |  7- 9 | 10-12 || total
---------------------------+-------+-------+-------+-------++-------
  Melee: Dagger            |   136 |   175 |   343 |   356 ||  1010
         Punch             |     1 |     1 |       |       ||     2
   Fire: Sling             |       |       |       |    14 ||    14
   Cast: Ensorcelled Hiber |     3 |     8 |    30 |    65 ||   106
         Confusing Touch   |       |     8 |    11 |    15 ||    34
  Evoke: Wand              |       |       |       |     2 ||     2
    Use: Potion            |     1 |       |     3 |     3 ||     7
         Scroll            |       |     9 |    13 |     3 ||    25
   Stab: Sleeping          |    12 |     9 |    16 |    34 ||    71
         Paralysed         |     4 |     5 |    25 |    39 ||    73
         Confused          |       |     5 |     6 |     8 ||    19
         Invisible         |       |       |     2 |       ||     2
 Armour: Robe              |    49 |    44 |   121 |       ||   214
         Steam dragon scal |       |       |    19 |   120 ||   139
  Dodge: Dodged            |    55 |    63 |   117 |   156 ||   391
  Block: Buckler           |       |     6 |    88 |   127 ||   221
         Other             |       |     2 |       |       ||     2

Table legend: (Time is in decaauts)
 A = Elapsed time spent in this place.
 B = Non-inter-level travel time spent in this place.
 C = Inter-level travel time spent in this place.
 D = Time resting spent in this place.
 E = Time spent auto-exploring this place.
 F = Levels seen in this place.
 G = Mean time per level.
                   A        B        C        D        E       F      G
               +--------+--------+--------+--------+--------+-----+--------+
         Total |  12559 |  12267 |    292 |   3118 |   6543 |  14 |  897.1 |
       Dungeon |  10273 |  10014 |    259 |   2326 |   5673 |  10 | 1027.3 |
        Temple |     28 |      1 |     27 |      0 |      0 |   1 |   28.0 |
          Lair |   1518 |   1513 |      5 |    452 |    764 |   2 |  759.0 |
       Ossuary |    739 |    739 |      0 |    340 |    106 |   1 |  739.0 |
               +--------+--------+--------+--------+--------+-----+--------+

Top non-repeatable levels by time:
     D:6: 1539 daAuts
     D:8: 1383 daAuts
     D:9: 1251 daAuts
    D:10: 1150 daAuts
  Lair:1: 1022 daAuts
     D:1: 937 daAuts
     D:2: 913 daAuts
     D:7: 911 daAuts
     D:4: 758 daAuts
 Ossuary: 739 daAuts
     D:5: 717 daAuts
     D:3: 710 daAuts
  Lair:2: 495 daAuts
  Temple: 28 daAuts
